Description

Blink stalker timing. 9x stalker, 1x Adept, 1x Warp Prism @ 5:00 - 5:15 on other side of map w/3 Nexus, 2 gateways, twilight council, and robo facility back home.

Build order is rooted in Zest's PvT blink stalker opener w/warp prism.

VOD

https://www.youtube.com/watch?v=hfhVe3Cw6Ck&t=297s

Build Order

Get SALT Encoding   

  14  0:18  Pylon  
  15  0:37  Gateway  
  17  0:46  Assimilator  
  20  1:25  Cybernetics Core  
  20  1:32  Nexus  
  21  1:43  Pylon  
  22  1:50  Assimilator  
  23  2:00  Adept (Chrono Boost), Warp Gate  
  26  2:17  Twilight Council  
  27  2:28  Stalker  
  29  2:38  Gateway  
  32  2:55  Blink (Chrono Boost)  chrono x3
  35  3:14  Robotics Facility  
  39  3:40  Nexus  
  40  3:45  Pylon  36 probes cut
  41  3:50  Stalker x2  
  45  3:54  Pylon  
  44  4:00  Warp Prism (Chrono Boost)  
  46  4:05  Pylon  
  46  4:14  Stalker x2  
  50  4:17  Probe x2  
  52  4:20  Pylon  Restart probes
  54  4:35  Stalker x2  
  58  4:50  Gateway  
  58  4:55  Gateway  
  60  5:03  Stalker x2  
  64  5:10  Charge (Chrono Boost)  
  66  5:20  Forge  
Spawning Tool Build Advisor. Get it on Overwolf

Go to:

Details

  • Created by: HepatitisLee
  • Published on: May 01, 2021
  • Modified on: May 01, 2021
  • Patch: 4.11.0
  • Difficulty: Easy
Show
View Real Time Build Order
Export as new Build Order

Comments (2)

On Aug. 10, 2022, 2:59 a.m., IBeatKids  said:

Because if you get harassed early you wont have anything to defend with

On Jan. 30, 2022, 4:45 p.m., PashkaTLT  said:

what's the point of chronoboosting the first adept if it's not sent to the enemy immediately? It will still be in time for a non-proxied reaper.

Create an account to comment!